 Dungeon Crawl Stone Soup version 0.17-a0-1230-g8afc29e (webtiles) character file.

25 Chiseanne the Chopper (level 2, 0/23 HPs)
             Began as a Demonspawn Wanderer on June 5, 2015.
             Slain by an adder (1 damage)
             ... on level 2 of the Dungeon.
             The game lasted 00:02:21 (823 turns).

Chiseanne the Chopper (Demonspawn Wanderer)          Turns: 823, Time: 00:02:21

Health: 0/23       AC:  7    Str: 11    XL:     2   Next: 86%
Magic:  2/2        EV:  9    Int: 11    God:
Gold:   55         SH:  0    Dex: 15    Spells: 0 memorised, 1 level left

rFire  . . .     SeeInvis .     a - +2 hand axe
rCold  . . .     Clarity  .     f - +0 scale mail (curse)
rNeg   . . .     SustAt   .     (no shield)
rPois  .         Gourm    .     (no helmet)
rElec  .         Spirit   .     (no cloak)
rCorr  .         Warding  .     l - +0 pair of gloves
rMut   .         Stasis   .     (no boots)
MR     .....                    (no amulet)
Stlth  ..........               (no ring)
                                (no ring)

@: lethally poisoned (0 -> -14), not resistant to hostile enchantments,
extremely unstealthy
A: powered by death 1
a: no special abilities


You were on level 2 of the Dungeon.
You were not hungry.

You visited 1 branch of the dungeon, and saw 2 of its levels.

You collected 55 gold pieces.

Inventory:

Hand weapons
 a - a +2 hand axe (weapon)
Missiles
 h - 22 arrows
 i - 22 bolts of frost
 j - 15 poisoned needles
 k - 7 bolts of flame
 o - 3 needles of confusion
Armour
 f - a cursed +0 scale mail (worn)
 l - a +0 pair of gloves (worn)
Scrolls
 e - 2 scrolls of immolation {unknown}
 m - a scroll of enchant weapon {unknown}
 n - a scroll of enchant armour {unknown}
Potions
 b - a potion of brilliance {unknown}
 c - 2 potions of curing
 g - 2 potions of agility {unknown}
Comestibles
 d - 2 bread rations


   Skills:
 * Level 2.6 Fighting
 - Level 2.6(2.8) Axes
   Level 1.0(2.0) Maces & Flails
 * Level 2.2 Armour
 * Level 1.0 Dodging
   Level 1.0 Shields
   Level 1.0 Evocations


You had one spell level left.
You didn't know any spells.

Dungeon Overview and Level Annotations

Branches:
Dungeon (2/15)

Altars:


Innate Abilities, Weirdness & Mutations

You can steal the life force of nearby defeated enemies.


Message History

The adder poisons you!
You miss the adder.
You feel sick. The adder bites you but does no damage.
You barely miss the adder.
You feel sick. The adder barely misses you. The adder bites you.
You barely miss the adder.
You feel sick. The adder completely misses you.
You slash the adder!
The adder is severely wounded.
You feel sick. The adder bites you.
* * * LOW HITPOINT WARNING * * *
You are more poisoned.
The adder poisons you! The adder bites you but does no damage.
You closely miss the adder.
The adder is severely wounded.
* * * LOW HITPOINT WARNING * * *
You feel sick. The adder bites you but does no damage.
You barely miss the adder.
The adder is severely wounded.
* * * LOW HITPOINT WARNING * * *
You feel sick. The adder barely misses you. The adder bites you.
You die...

#.. #.# ### #.# ..# #.#
#.## #^# #..# #.# #
#..#############.###....
#.....#.(.......@.......
#.###.##<#######S#######
#.#...##.# .r[.
#......#.# .#.#..#
#......#.# #.#.#....
#......#†# # #.. ....
#........## ### ####
##........# ##........#


You could see an adder and a rat.

Vanquished Creatures
  A giant cockroach (D:1)
  4 hobgoblins
  3 kobolds (D:1)
  5 bats
  3 giant newts (D:1)
  6 goblins (D:1)
  5 rats (D:1)
  A plant (D:1)
28 creatures vanquished.

Vanquished Creatures (others)
  A goblin (D:1)
1 creature vanquished.

Grand Total: 29 creatures vanquished

Notes
Turn   | Place    | Note
--------------------------------------------------------------
     0 | D:1      | Chiseanne the Demonspawn Wanderer began the quest for the Orb.
     0 | D:1      | Chiseanne set off with: a +2 hand axe, a +0 ring mail, a potion of curing, a bread ration
     0 | D:1      | Reached XP level 1. HP: 16/16 MP: 1/1
   131 | D:1      | Gained mutation: You can steal the life force of nearby defeated enemies. [demonic ancestry]
   131 | D:1      | Reached XP level 2. HP: 23/23 MP: 2/2
   736 | D:2      | Reached skill level 1 in Dodging
   823 | D:2      | HP: 1/23 [poisoned by an adder]
   823 | D:2      | Slain by an adder

Vault maps used:
D:1:      eino_arrival_water_star, serial_forest, infiniplex_forest_zigzag_1,
          infiniplex_forest_side_room, infiniplex_forest_lined_3_way,
          infiniplex_forest_straight_3, infiniplex_forest_straight_4,
          infiniplex_forest_zigzag_1, infiniplex_forest_corner_2,
          infiniplex_forest_lined_4_way, infiniplex_forest_clump_long,
          lemuel_flame_loot_1
D:2:      kennysheep_big_flooded_room

Action                   || total
-------------------------++-------
Melee: Hand axe          ||   102
